 Dungeon Crawl Stone Soup version 0.31-a0-765-g67fe2935dc (webtiles) character file.

Game seed: 6106359154776176731

99 Maratek the Ducker (level 4, 0/31 HPs)
             Began as an Octopode Fighter on Sept 15, 2023.
             Slain by Terence
             ... wielding a +0 hand axe
              (5 damage)
             ... on level 2 of the Dungeon.
             The game lasted 00:01:49 (1309 turns).

Maratek the Ducker (Octopode Fighter)               Turns: 1309, Time: 00:01:49

Health: 0/31       AC:  1    Str: 23    XL:     4   Next: 72%
Magic:  4/4        EV: 13    Int: 10    God:
Gold:   115        SH:  4    Dex: 11    Spells: 3/3 levels left

rFire   . . .        a - +0 trident
rCold   . . .        b - +0 buckler
rNeg    . . .        (helmet restricted)
rPois   .            (no amulet)
rElec   .            i - +6 ring of strength
rCorr   .            (no ring)
SInv    .            (no ring)
Will    .....        (no ring)
Stlth   +++          (no ring)
HPRegen 0.25/turn    (no ring)
MPRegen 0.09/turn    (no ring)
                     (no ring)

%: no passive effects
@: no status effects
A: almost no armour, amphibious, 8 rings, camouflage 1, gelatinous body 1,
(nimble swimmer 1), tentacles
a: no special abilities


You were on level 2 of the Dungeon.
You visited 1 branch of the dungeon, and saw 2 of its levels.

You collected 115 gold pieces.

Inventory:

Hand Weapons
 a - a +0 trident (weapon)
Armour
 b - a +0 buckler (worn)
Jewellery
 i - a +6 ring of strength (left tentacle)
Scrolls
 e - a scroll of fear {unknown}
 f - 2 scrolls of identify {unknown}
 h - a scroll of teleportation {unknown}
Potions
 c - 2 potions of might
 d - a potion of berserk rage {unknown}
 g - a potion of ambrosia {unknown}
 j - a potion of brilliance {unknown}


   Skills:
 * Level 3.4 Fighting
 * Level 3.4 Polearms
 * Level 3.5 Dodging
 + Level 1.5 Stealth
 + Level 3.2 Shields


You had 3 spell levels left.
You didn't know any spells.
Your spell library was empty.

Dungeon Overview and Level Annotations

Branches:
Dungeon (2/15)

Altars:

Shops:
D:2 *

Annotations:
D:2 Terence


Innate Abilities, Weirdness & Mutations

You cannot wear most types of armour.
You are amphibious.
You can wear up to eight rings at the same time.
Your skin changes colour to match your surroundings (Stealth+).
Your rubbery body absorbs attacks. (AC +1, EV +1)
((You are camouflaged when in or above water. (Stealth+)))
You have tentacles for arms and can constrict up to eight enemies at once.


Message History

You kill the goblin!
You reach to attack!
You puncture the rat!
You kill the rat!
The hobgoblin shouts!
A hobgoblin is nearby!
You closely miss the hobgoblin. You grab the hobgoblin.
You squeeze the hobgoblin.
You kill the hobgoblin!
No target in view!
No target in view!
Found a war axe.
You see here a +0 war axe.
You now have 115 gold pieces (gained 14).
Terence the Incautious comes into view.
He is wielding a +0 hand axe.
Terence is nearby!
Terence shouts!
Terence looks scornfully at you.
Found a scroll labelled MYTIBBEPUA and a scroll labelled KELYUT DUDOL.
You hit Terence but do no damage. Your grab misses Terence.
You squeeze Terence, but do no damage. Terence hits you with a +0 hand axe.
You hit Terence. Your grab misses Terence.
You squeeze Terence, but do no damage.
Terence is lightly wounded.
Terence hits you with a +0 hand axe!
You puncture Terence! Your grab misses Terence. You squeeze Terence.
Terence is heavily wounded.
Terence hits you with a +0 hand axe!
A goblin comes into view. It is wielding a +0 dagger.
You are too injured to fight recklessly!
You are too injured to fight recklessly!
You are too injured to fight recklessly!
You are too injured to fight recklessly!
You hit Terence but do no damage. Your grab misses Terence.
Terence is heavily wounded.
You block Terence's attack. Terence hits you with a +0 hand axe.
* * * LOW HITPOINT WARNING * * *
You barely miss Terence. You grab Terence.
Terence is heavily wounded.
You constrict Terence. Terence hits you with a +0 hand axe.
You die...

......... .......?. .?......#
..g.....# ........# ###..
........# ######### .#..
........####.......#
#..####+####...@@...........#
#...........................#
............................#
#...........................#
#...........................#
............................#
.................†.)..#....##
..>..................###..##
...†................#.#.#.#


You could see Terence and a goblin.

Vanquished Creatures
  An orc priest (D:2)
  Natasha (D:2)
  A dart slug (D:1)
  5 orcs (D:2)
  3 endoplasms
  A giant cockroach (D:1)
  4 hobgoblins
  A quokka (D:2)
  A ball python (D:1)
  5 bats
  2 frilled lizards
  5 goblins
  4 kobolds
  3 rats
37 creatures vanquished.

Notes
Turn   | Place    | Note
-------+----------+-------------------------------------------
     0 | D:1      | Maratek the Octopode Fighter began the quest for the Orb.
     0 | D:1      | Reached XP level 1. HP: 16/16 MP: 1/1
   226 | D:1      | Reached XP level 2. HP: 21/21 MP: 2/2
   568 | D:2      | Found Pyateosi's General Store.
   617 | D:2      | Reached XP level 3. HP: 17/26 MP: 3/3
   692 | D:2      | Noticed Natasha
   700 | D:2      | Killed Natasha
   965 | D:2      | Reached skill level 1 in Stealth
  1001 | D:2      | Reached XP level 4. HP: 31/31 MP: 4/4
  1301 | D:2      | Noticed Terence
  1309 | D:2      | Slain by Terence

Illustrated notes

Levels and vault maps discovered:
D:1:      psy_arrival_terrarium, layout_rooms
D:2:      layout_basic, serial_shops, nicolae_shop_advertising_works
          [nicolae_subvault_shop_adworks], hangedman_decor_clover_reticule,
          chequers_decorated_corner, uniq_natasha, uniq_terence

Skill      XL: |  1  2  3 |
---------------+----------+-----
Polearms       | 3 |  3.4
Stealth        | 1 |  1.5
Fighting       | |  3.4
Dodging        | |  3.5
Shields        | |  3.2

Action                     |  1- 3 |  4- 6 || total
---------------------------+-------+-------++-------
  Melee: Trident           |    61 |    22 ||    83
         Constrict         |    10 |     5 ||    15
         Tentacles         |     5 |     6 ||    11
   Stab: Sleeping          |     4 |     1 ||     5
         Distracted        |       |     1 ||     1
 Armour: Skin              |    17 |     9 ||    26
  Dodge: Dodged            |    21 |     6 ||    27
  Block: Buckler           |     6 |     2 ||     8

Table legend: (Time is in decaauts)
 A = Elapsed time spent in this place.
 B = Non-inter-level travel time spent in this place.
 C = Inter-level travel time spent in this place.
 D = Time resting spent in this place.
 E = Time spent auto-exploring this place.
 F = Levels seen in this place.
 G = Mean time per level.
                   A        B        C        D        E       F      G
               +--------+--------+--------+--------+--------+-----+--------+
         Total |   1325 |   1276 |     49 |    402 |    654 |   2 |  662.5 |
       Dungeon |   1325 |   1276 |     49 |    402 |    654 |   2 |  662.5 |
               +--------+--------+--------+--------+--------+-----+--------+

Top non-repeatable levels by time:
     D:2: 761 daAuts
     D:1: 563 daAuts
